AoeStats
← OmarGutieG

Arabia

506244165Analyzed
2v2 RM · 19d ago on Sep 12, 2026· 36m 11s· 4 players
Game mode
Random Map
Map size
Medium (4 player)
Population
200
Speed
Normal
Resources
Standard
Victory
Conquest
Starting age
Dark Age
Ending age
Imperial Age
RankedLock teamsTeams togetherTeam positionsShared explorationLock speedFull tech treeHidden civsTurbo modeCheats
Victory
Defeat
🇲🇽 Magyars · Mexico
1303
+16
🇲🇽 Ethiopians · Mexico
1293
+18
🇵🇱 Ethiopians · Poland
1310
-17
🇵🇱 Wei · Poland
1309
-17
armigame1
6:46 Loom
9:47 Feudal Age
21:03 Castle Age
19:13 Scale Barding Armor
19:56 Bloodlines
20:42 Gold Mining
22:04 Double-Bit Axe
22:44 Husbandry
24:56 Chain Barding Armor
26:29 Gold Shaft Mining
36:35 Wheelbarrow
36:03 Town Watch
OmarGutieG
7:18 Loom
9:41 Feudal Age
14:33 Fletching
22:47 Castle Age
23:17 Double-Bit Axe
23:13 Horse Collar
23:33 Crossbowman
24:24 Bodkin Arrow
24:29 Padded Archer Armor
27:56 Thumb Ring
30:47 Wheelbarrow
30:36 Gold Mining
35:51 Imperial Age
34:32 Hand Cart
37:01 Ballistics
37:41 Chemistry
Notevidius
3:36 Loom
10:16 Feudal Age
10:45 Double-Bit Axe
22:35 Castle Age
21:47 Scale Barding Armor
23:17 Husbandry
30:45 Wheelbarrow
32:32 Gold Mining
35:45 Horse Collar
Gitan
9:42 Feudal Age
10:35 Double-Bit Axe
14:34 Fletching
14:44 Loom
21:27 Castle Age
19:51 Horse Collar
20:12 Gold Mining
20:38 Padded Archer Armor
22:45 Gold Shaft Mining
22:57 Crossbowman
25:14 Bodkin Arrow
28:20 Thumb Ring
29:14 Wheelbarrow
31:05 Leather Archer Armor
31:57 Hand Cart
31:57 Squires
35:57 Heavy Plow
Connection lost

Rejoining the realm…

Still unreachable

The connection could not be restored.

Session expired

The server has moved on; the page needs a fresh start.